 Dungeon Crawl Stone Soup version 0.29.1-13-g9f3cf754e1 (webtiles) character file.

Game seed: 15898620706615788721

17857 EarthwalkerPL the Protected (level 12, -1/115 HPs)
             Began as a Minotaur Fighter on Jan 22, 2023.
             Was a Follower of Okawaru.
             Slain by an orc warlord
             ... wielding a +0 battleaxe
              (20 damage)
             ... on level 10 of the Dungeon.
             The game lasted 00:36:32 (14272 turns).

EarthwalkerPL the Protected (Minotaur Fighter)     Turns: 14272, Time: 00:36:32

Health: -1/115     AC: 25    Str: 24    XL:     12   Next: 22%
Magic:  10/11      EV:  7    Int:  5    God:    Okawaru [*.....]
Gold:   877        SH:  6    Dex: 12    Spells: 11/11 levels left

rFire   . . .      SeeInvis .   e - +1 broad axe
rCold   . . .      Faith    .   c - +0 buckler
rNeg    . . .      Spirit   .   U - +0 plate armour
rPois   .          Reflect  .   T - +0 hat
rElec   .          Harm     .   J - +2 cloak
rCorr   .          Rampage  .   m - +0 pair of gloves
Will    +....                   (no boots)
Stlth   ..........              (no amulet)
HPRegen 0.29/turn               p - +4 ring of protection
MPRegen 0.12/turn               g - ring of willpower

@: no status effects
A: horns 2, retaliatory headbutt
a: Renounce Religion, Heroism


You were on level 10 of the Dungeon.
You worshipped Okawaru.
Okawaru was aware of your devotion.
You visited 3 branches of the dungeon, and saw 12 of its levels.
You also visited: Ossuary and Bailey.

You collected 877 gold pieces.

Inventory:

Hand Weapons
 a - a +0 war axe
 e - a +1 broad axe (weapon)
Missiles
 j - 5 boomerangs (quivered)
 n - 3 throwing nets
 r - 21 poisoned darts
 x - 6 datura-tipped darts
Armour
 b - a +0 scale mail
 c - a +0 buckler (worn)
 m - a +0 pair of gloves (worn)
 D - a +0 cloak
 J - a +2 cloak (worn)
 T - a +0 hat (worn)
 U - a +0 plate armour (worn)
Jewellery
 g - a ring of willpower (right hand)
 i - a ring of fire
 p - a +4 ring of protection (left hand)
 z - an amulet of the acrobat
 V - a ring of magical power
 W - a +6 ring of dexterity
Wands
 o - a wand of iceblast (19)
 t - a wand of polymorph (13)
 I - a wand of flame (34)
 Q - a wand of quicksilver (13)
Scrolls
 h - a scroll of teleportation
 q - 3 scrolls of amnesia
 s - 2 scrolls of enchant armour
 u - 2 scrolls of fog
 y - 2 scrolls of noise
 A - 2 scrolls of vulnerability
 B - 2 scrolls of poison
 E - 4 scrolls of fear
 F - 2 scrolls of immolation
 M - a scroll of enchant weapon
 O - a scroll of summoning
 P - a scroll of torment
Potions
 d - 3 potions of might
 f - 3 potions of attraction {unknown}
 k - 2 potions of resistance {unknown}
 l - a potion of magic {unknown}
 v - 2 potions of lignification {unknown}
 w - 3 potions of berserk rage {unknown}
 C - 6 potions of curing
 G - 3 potions of cancellation {unknown}
 H - a potion of haste
 K - a potion of flight {unknown}
 L - 2 potions of mutation {unknown}
 N - a potion of invisibility {unknown}
 R - 2 potions of heal wounds {unknown}
 S - a potion of degeneration {unknown}
Miscellaneous
 Y - a lightning rod (4/4)


   Skills:
 * Level 13.3 Fighting
 * Level 13.1 Axes
 * Level 13.4 Armour
 + Level 9.9 Shields


You had 11 spell levels left.
You didn't know any spells.
Your spell library contained the following spells:

 Spells                   Type           Power      Damage    Failure   Level
 Ozocubu's Armour         Ice            0%         N/A       100%        3
 Portal Projectile        Hex/Tloc       0%         N/A       100%        3
 Blade Hands              Tmut           0%         N/A       100%        5
 Ozocubu's Refrigeration  Ice            0%         4d7       100%        7
 Tukima's Dance           Hex            Unusable   N/A       N/A         3

Dungeon Overview and Level Annotations

Branches:
Dungeon (10/15)            Temple (1/1) D:7            Lair (0/5) D:10
    Orc (1/2) D:10        Ossuary (visited)          Bailey (visited)

Altars:
Ashenzari
Cheibriados
Dithmenos
Elyvilon
Fedhas
Gozag
Hepliaklqana
Kikubaaqudgha
Makhleb
Nemelex Xobeh
Okawaru
Qazlal
Ru
Sif Muna
Trog
Uskayaw
Vehumet
Wu Jian
Xom
Yredelemnul
Zin
The Shining One


Innate Abilities, Weirdness & Mutations

You have a pair of horns on your head.
You reflexively headbutt those who attack you in melee.


Message History

You climb downwards.
The orc warlord closely misses you.
The orc warlord hits you with a +0 battleaxe!
There is a stone staircase leading up, spattered with blood here.
You slash the orc warlord! You headbutt the orc warlord.
The orc warlord is lightly wounded.
The orc warlord hits you with a +0 battleaxe!
You hit the orc warlord but do no damage.
The orc warlord is lightly wounded.
You hit the orc warlord but do no damage.
The orc warlord is lightly wounded.
The orc warlord hits you with a +0 battleaxe.
You hit the orc warlord but do no damage.
The orc warlord is lightly wounded.
The orc warlord hits you with a +0 battleaxe!
You hit the orc warlord but do no damage.
You headbutt the orc warlord, but do no damage.
The orc warlord is lightly wounded.
The orc warlord hits you with a +0 battleaxe!!
You hit the orc warlord but do no damage.
The orc warlord is lightly wounded.
You closely miss the orc warlord. You headbutt the orc warlord!
The orc warlord is lightly wounded.
The orc warlord hits you with a +0 battleaxe.
You barely miss the orc warlord. You headbutt the orc warlord.
The orc warlord is lightly wounded.
The orc warlord hits you with a +0 battleaxe!!
* * * LOW HITPOINT WARNING * * *
You hit the orc warlord but do no damage.
The orc warlord is lightly wounded.
You hit the orc warlord but do no damage.
The orc warlord is lightly wounded.
You feel like a meek peon again.
The orc warlord hits you but does no damage.
You hit the orc warlord but do no damage.
The orc warlord is lightly wounded.
You block the orc warlord's attack.
You completely miss the orc warlord.
The orc warlord is lightly wounded.
The orc warlord hits you with a +0 battleaxe!!
You die...

##...........o)[........
#......#.............#..
#......#.............#..
#.[...$#......8......#..
#......#####.....#####..
#.........####.##.#.....
##.......## #..........
##...o.## ######.....
#####@### #..... #...#
#..... ########.#######
##.... #..............#
#.... #.###..........#
#.... #..........>...#
#....
#..^^..........####....
##.^_^.................
#.^^^.........#####...


You could see an orc warlord.

Vanquished Creatures
  A fenstrider witch (shapeshifter) (D:9)
  2 vault guards (Bailey)
  A centaur warrior (D:9)
  4 two-headed ogres
  An orc knight (D:10)
  A cyclops (D:10)
  An efreet (D:9)
  5 trolls
  Prince Ribbit (Bailey)
  3 wyverns
  4 shadows
  14 yaks
  A steam dragon (D:8)
  A basilisk (shapeshifter) (D:9)
  Eustachio (D:5)
  6 humans (Bailey)
  A two-headed ogre zombie (D:10)
  2 wargs (Orc:1)
  9 orc warriors
  A sky beast (D:7)
  An ice beast (D:5)
  A hornet zombie (Ossuary)
  6 ogres
  A centaur (D:5)
  A phantom (D:9)
  10 bullfrogs
  2 necrophages (D:5)
  A gnoll sergeant (D:10)
  2 wyvern zombies (Ossuary)
  A water moccasin zombie (Ossuary)
  3 scorpions
  4 wights
  13 killer bees
  A troll zombie (D:10)
  5 howler monkeys
  A vampire bat (D:7)
  2 centaur zombies (Ossuary)
  3 hounds
  5 orc priests
  5 bullfrog zombies (Ossuary)
  A human zombie (D:6)
  A gnoll bouda (D:5)
  3 jellies
  6 iguanas
  Crazy Yiuf (D:5)
  14 orc wizards
  A human skeleton (D:6)
  2 killer bee zombies (Ossuary)
  6 ogre zombies (D:10)
  11 mummies (Ossuary)
  A howler monkey zombie (Ossuary)
  14 gnolls
  3 adders
  An ufetubus (D:5)
  6 worms
  A dart slug (D:4)
  29 orcs
  6 ball pythons (D:1)
  8 endoplasms
  A giant cockroach (D:1)
  11 goblins
  11 hobgoblins
  6 jackals (D:1)
  3 quokkas
  12 bats
  A frilled lizard (D:3)
  2 goblin skeletons (D:10)
  A goblin zombie (D:10)
  A hobgoblin skeleton (D:10)
  4 hobgoblin zombies (D:10)
  7 kobolds
  5 orc skeletons
  16 orc zombies
  6 rats
330 creatures vanquished.

Vanquished Creatures (others)
  12 withered plants (Ossuary)
12 creatures vanquished.

Grand Total: 342 creatures vanquished

Notes
Turn   | Place    | Note
-------+----------+-------------------------------------------
     0 | D:1      | EarthwalkerPL the Minotaur Fighter began the quest for the
                  | Orb.
     0 | D:1      | Reached XP level 1. HP: 19/19 MP: 0/0
   175 | D:1      | Reached XP level 2. HP: 18/27 MP: 1/1
   512 | D:1      | Reached XP level 3. HP: 30/33 MP: 2/2
  1019 | D:2      | HP: 1/34 [gnoll/+0 spear (1)]
  1021 | D:2      | Reached XP level 4. HP: 1/41 MP: 3/3
  1550 | D:2      | Noticed a scorpion
  1555 | D:2      | Killed a scorpion
  1556 | D:2      | Reached XP level 5. HP: 47/47 MP: 4/4
  1908 | D:2      | Found a faded altar of an unknown god.
  2002 | D:3      | Found an ancient bone altar of Kikubaaqudgha.
  2211 | D:3      | Found a sparkling altar of Nemelex Xobeh.
  2218 | D:3      | Reached skill level 5 in Armour
  2601 | D:4      | Reached skill level 5 in Fighting
  2641 | D:4      | Found a snail-covered altar of Cheibriados.
  3274 | D:4      | Found a burning altar of Makhleb.
  3362 | D:5      | Entered Level 5 of the Dungeon
  3362 | D:5      | Noticed Eustachio
  3362 | D:5      | Noticed a centaur
  3410 | D:5      | Reached XP level 6. HP: 54/56 MP: 5/5
  3572 | D:5      | Reached skill level 5 in Axes
  3575 | D:5      | Reached skill level 5 in Shields
  3575 | D:5      | Reached XP level 7. HP: 58/63 MP: 6/6
  3875 | D:5      | Found a runed translucent door.
  3876 | D:5      | Noticed Crazy Yiuf
  3885 | D:5      | Killed Crazy Yiuf
  4408 | D:5      | Killed Eustachio
  4409 | D:5      | Reached XP level 8. HP: 69/73 MP: 7/7
  4681 | D:6      | Found a sand-covered staircase.
  4693 | Ossuary  | Entered an ossuary
  5192 | Ossuary  | Reached XP level 9. HP: 80/82 MP: 8/8
  5404 | D:6      | Found a glowing silver altar of Zin.
  5898 | D:7      | Found a staircase to the Ecumenical Temple.
  5904 | Temple   | Entered the Ecumenical Temple
  6028 | D:7      | Found a flagged portal.
  6059 | Bailey   | Entered a bailey
  6423 | Bailey   | Noticed a vault guard
  6448 | Bailey   | Killed a vault guard
  6449 | Bailey   | Reached skill level 10 in Fighting
  6449 | Bailey   | Reached skill level 10 in Armour
  6449 | Bailey   | Reached XP level 10. HP: 78/93 MP: 9/9
  6593 | Bailey   | Noticed Prince Ribbit
  6610 | Bailey   | Killed Prince Ribbit
  6617 | Bailey   | Noticed a vault guard
  6633 | Bailey   | Killed a vault guard
  6634 | Bailey   | Reached skill level 10 in Axes
  7098 | D:7      | Identified the +7 dagger "Wiemiru" {pain, rC+}
  7551 | D:8      | Noticed a two-headed ogre
  7779 | D:8      | Killed a two-headed ogre
  8408 | D:8      | Found an opulent altar of Gozag.
  8936 | D:8      | Found a hazy altar of Hepliaklqana.
  9173 | D:9      | Noticed a two-headed ogre
  9199 | D:9      | Killed a two-headed ogre
  9200 | D:9      | Reached XP level 11. HP: 90/102 MP: 10/10
  9346 | D:9      | Noticed a two-headed ogre
  9699 | D:9      | Found a shimmering blue altar of Sif Muna.
 10248 | D:9      | Killed a two-headed ogre
 10516 | D:9      | Noticed a centaur warrior
 10524 | D:9      | Killed a centaur warrior
 11017 | D:9      | Noticed a fire dragon
 11049 | D:10     | Entered Level 10 of the Dungeon
 11356 | D:10     | Found a glowing golden altar of the Shining One.
 11673 | D:10     | Noticed a two-headed ogre
 11691 | D:9      | Noticed a fenstrider witch
 11702 | D:9      | Killed a fenstrider witch
 11902 | D:9      | Killed a two-headed ogre
 12065 | D:10     | HP: 5/106 [troll zombie (3)]
 12066 | D:10     | HP: 2/106 [troll zombie (3)]
 12573 | D:10     | Found a staircase to the Orcish Mines.
 12588 | D:10     | Found an iron altar of Okawaru.
 12610 | D:10     | Became a worshipper of Warmaster Okawaru
 12672 | D:10     | Reached XP level 12. HP: 106/115 MP: 11/11
 12755 | D:10     | Found a bloodstained altar of Trog.
 12907 | D:10     | Found a staircase to the Lair.
 12911 | D:10     | Found a shimmering altar of Xom.
 12960 | Orc:1    | Entered Level 1 of the Orcish Mines
 13170 | D:10     | Reached * piety under Okawaru
 13735 | Orc:1    | Noticed an orc warlord
 13871 | Orc:1    | Noticed a two-headed ogre
 13878 | D:10     | HP: 4/115 [orc warlord/+0 battleaxe (31)]
 14272 | D:10     | Slain by an orc warlord

Illustrated notes

Levels and vault maps discovered:
D:1:      dpeg_arrival_tiny_j, layout_basic
D:2:      layout_basic, shapermc_ecumenical_altar_mp_vishouse
D:3:      layout_basic, kiku_gazebo_pond_becter, nemelex_dance_club_becter,
          serial_corexii_hall, chequers_hall_statues_corner_a,
          chequers_hall_statues_corner_a
D:4:      kennysheep_spiral_hall, layout_gridville,
          mainiacjoe_overflow_big_doors, nicolae_concentric_dashed_squares_wild
D:5:      layout_loops_ring, uniq_eustachio, uniq_crazy_yiuf_cottage
D:6:      layout_rooms, zin_scriptorium, nicolae_ossuary_entry_catacombs
D:7:      layout_loops_ring, minmay_temple_entry_enclosed_plants,
          enter_bailey_3, roderic_batcave
D:8:      layout_loops_ring, nicolae_hepliaklqana_hippocampus,
          grunt_gozag_breadcrumbs, kennysheep_generic_room_9
D:9:      minmay_bloctagon_deflated, layout_irregular_city,
          kennysheep_orc_sif_temple, uniq_prince_ribbit1
D:10:     layout_rooms, general_overflow_altar, okawaru_metal_pillars_1_2,
          trog_book, xom_teletrap_fun, zombieorc2_lemuel
Temple:   chequers_temple_sunken
Orc:1:    layout_caves

Skill      XL: |  1  2  3  4  5  6  7  8  9 10 11 12 |
---------------+-------------------------------------+-----
Armour         | 4 5 6 7 8 10 11 13 | 13.4
Fighting       | 4 5 6 7 8 10 11 13 | 13.3
Axes           | 3 4 5 6 7 9 11 12 13 | 13.1
Shields        | 4 5 6 7 8 9 |  9.9

Action                   |  1- 3 |  4- 6 |  7- 9 | 10-12 || total
-------------------------+-------+-------+-------+-------++-------
Melee: War axe           |    73 |   121 |   298 |     4 ||   496
       Headbutt          |    10 |    23 |    58 |    99 ||   190
       Broad axe         |       |       |       |   484 ||   484
Throw: Boomerang         |       |     4 |    28 |    27 ||    59
Invok: Heroism           |       |       |       |     1 ||     1
Evoke: Wand              |       |       |     6 |     7 ||    13
  Use: Scroll            |       |       |    14 |     7 ||    21
       Potion            |       |       |       |     1 ||     1
Armor: Scale mail        |    51 |    42 |   166 |   241 ||   500
       Plate armour      |       |       |       |    86 ||    86
       Skin              |       |       |       |     1 ||     1
Dodge: Dodged            |    42 |    50 |   126 |   173 ||   391
Block: Buckler           |    24 |    18 |    78 |   159 ||   279
